 Dungeon Crawl Stone Soup version 0.28.0-1-gb440e238dd (webtiles) character file.

Game seed: 8700527697984011421

635 tikhun the Magician (level 7, 0/45 HPs)
             Began as a Djinni Fire Elementalist on Feb 19, 2022.
             Slain by a hobgoblin (3 damage)
             ... on level 4 of the Dungeon.
             The game lasted 00:27:34 (5477 turns).

tikhun the Magician (Djinni Fire Elementalist)      Turns: 5477, Time: 00:27:34

Health: 0/45       AC:  3    Str:  7    XL:     7   Next: 79%
Gold:   138        EV: 13    Int: 19    God:
                   SH:  0    Dex: 13

rFire   + + .      SeeInvis .   f - +2 short sword (venom)
rCold   x . .      Faith    .   (no shield)
rNeg    . . .      Spirit   .   a - +1 robe
rPois   ∞          Reflect  .   (no helmet)
rElec   .          Harm     .   h - scarf {repulsion}
rCorr   .          Rampage  .   (no gloves)
Will    .....                   (boots unavailable)
Stlth   +++.......              (no amulet)
HPRegen 0.15/turn               (no ring)
MPRegen 0.00/turn               (no ring)

@: flying, repel missiles
A: sickness immunity, fire resistance 2, cold vulnerability 1, float, innate
caster, HP casting, extra vitality 1
a: no special abilities


You were on level 4 of the Dungeon.
You visited 1 branch of the dungeon, and saw 4 of its levels.

You collected 138 gold pieces.

Inventory:

Hand Weapons
 e - a +0 dagger
 f - a +2 short sword of venom (weapon)
 m - a +0 quarterstaff
Armour
 a - a +1 robe (worn)
 b - a +0 chain mail
 h - a scarf of repulsion (worn)
Wands
 i - a wand of polymorph (4)
 n - a wand of flame (20)
 o - a wand of paralysis (3)
Scrolls
 c - 5 scrolls of identify
Potions
 d - a potion of heal wounds
 g - 2 potions of degeneration {unknown}
 j - a potion of curing {unknown}
 k - a potion of lignification {unknown}
 l - a potion of haste


   Skills:
 - Level 4.5 Dodging
 + Level 4.1 Stealth
 * Level 4.8 Spellcasting


You couldn't memorise any spells.
You knew the following spells:

 Your Spells              Type           Power      Damage    Failure   Level
a - Foxfire               Conj/Fire      92%        2x1d8     1%          1
b - Scorch                Fire           46%        2d7       2%          2
c - Conjure Flame         Conj/Fire      23%        6-21      5%          3
d - Inner Flame           Hex/Fire       23%        N/A       5%          3
e - Flame Wave            Conj/Fire      23%        2d7       17%         4
f - Apportation           Tloc           46%        N/A       1%          1
g - Ensorcelled Hibernat  Hex/Ice        46%        N/A       2%          2
h - Poisonous Vapours     Pois/Air       46%        N/A       2%          2
Your spell library was empty.

Dungeon Overview and Level Annotations

Branches:
Dungeon (4/15)
 Temple: D:4-7

Altars:

Annotations:
D:4 Edmund


Innate Abilities, Weirdness & Mutations

You are immune to sickness and miasma.
You are immune to poison.
Your flesh is very heat resistant. (rF++)
You are vulnerable to cold. (rC-)
You float through the air rather than walking.
You learn spells naturally, not from books.
Your magical power is your life essence.
You have superior vitality. (+4 MHP)


Message History

A giant cockroach comes into view.
Flames lash the orc.
You kill the orc!
Flames lash the giant cockroach.
You kill the giant cockroach!
Edmund is nearby!
Press: ? - help, v - describe, . - travel
Here: Edmund, wielding a +2 flail of protection and wearing a +0 scale mail (wandering, hasn't noticed you)
The floor.
Poisonous vapours surround Edmund!
Edmund is poisoned.
Edmund shouts!
Poisonous vapours surround Edmund!
Edmund looks even sicker.
You miscast Poisonous Vapours.
You are very lightly contaminated with residual magic.
Nothing appears to happen.
Poisonous vapours surround Edmund!
Edmund looks as sick as possible!
The fire begins to smoulder!
The fire ignites!
The fire begins to smoulder!
Edmund drinks a potion.
Edmund seems to grow stronger.
The fire ignites!
Your magical contamination has completely faded away.
Flames lash Edmund.
Edmund is heavily wounded.
Edmund's fire resistance burns away.
Flames lash Edmund.
Edmund is burned terribly!
Edmund is severely wounded.
Edmund hits you with a +2 flail of protection!
Edmund is no longer more vulnerable to fire.
A hobgoblin comes into view.
Found 17 gold pieces.
You are too injured to fight recklessly!
You barely miss Edmund.
Edmund is almost dead.
Edmund hits you with a +2 flail of protection.
Edmund hits you with a +2 flail of protection!
* * * LOW HITPOINT WARNING * * *
The hobgoblin misses you. The hobgoblin hits you.
You die...

# #...#
#.#.#
#.#.#
#.#.#
##.#.###
#.....$#
#......#
#..g...#
#..@@..#
#......#
########


You could see Edmund (strong, poisoned) and a hobgoblin.

Vanquished Creatures
  Sigmund (D:2)
  The ghost of Conn the Firebug, an amateur OpFE (D:3)
  A scorpion (D:4)
  An orc priest (D:3)
  Jessica (D:2)
  Ijyb (D:3)
  Terence (D:2)
  Natasha (thrice) (D:2)
  An iguana (D:4)
  An orc wizard (D:3)
  4 gnolls (D:4)
  2 adders
  6 orcs
  8 endoplasms
  3 giant cockroaches
  3 goblins
  2 hobgoblins (D:1)
  2 jackals (D:1)
  8 kobolds
  2 quokkas
  3 ball pythons
  6 bats
  2 frilled lizards
  6 rats (D:1)
69 creatures vanquished.

Vanquished Creatures (collateral kills)
  A giant cockroach (D:2)
  A hobgoblin (D:2)
2 creatures vanquished.

Vanquished Creatures (others)
  24 foxfires (D:1)
  A plant (D:1)
25 creatures vanquished.

Grand Total: 96 creatures vanquished

Notes
Turn   | Place    | Note
-------+----------+-------------------------------------------
     0 | D:1      | tikhun the Djinni Fire Elementalist began the quest for the
                  | Orb.
     0 | D:1      | Reached XP level 1. HP: 15/15 MP: 0/0
   379 | D:1      | Reached XP level 2. HP: 18/21 MP: 0/0
  1214 | D:1      | Reached XP level 3. HP: 21/25 MP: 0/0
  1214 | D:1      | Learned a level 1 spell: Apportation
  1608 | D:2      | Found a faded altar of an unknown god.
  1766 | D:2      | Noticed Terence
  1771 | D:2      | Killed Terence
  1772 | D:2      | Reached XP level 4. HP: 19/31 MP: 0/0
  2013 | D:2      | Noticed Natasha
  2015 | D:2      | Killed Natasha
  2019 | D:2      | Noticed Natasha
  2337 | D:2      | Noticed Sigmund
  2416 | D:2      | Killed Natasha
  2417 | D:2      | Reached XP level 5. HP: 28/35 MP: 0/0
  2417 | D:2      | Learned a level 2 spell: Ensorcelled Hibernation
  2644 | D:2      | Noticed Natasha
  2648 | D:2      | Killed Natasha
  2651 | D:2      | Noticed Jessica
  2760 | D:2      | Killed Jessica
  3144 | D:2      | Killed Sigmund
  3145 | D:2      | Reached XP level 6. HP: 24/40 MP: 0/0
  3435 | D:3      | Found a transporter.
  3435 | D:3      | Noticed Conn's ghost (amateur OpFE)
  3440 | D:3      | Found a transporter.
  3563 | D:3      | Reached XP level 7. HP: 26/45 MP: 0/0
  3563 | D:3      | Learned a level 2 spell: Poisonous Vapours
  3991 | D:3      | Noticed Ijyb
  4081 | D:3      | Killed Ijyb
  4742 | D:3      | Killed Conn's ghost
  4820 | D:4      | Noticed Edmund
  5477 | D:4      | Slain by a hobgoblin

Illustrated notes

Levels and vault maps discovered:
D:1:      psy_arrival_conway, layout_loops_corners
D:2:      layout_basic, shapermc_ecumenical_altar_starsandcircs, uniq_sigmund,
          uniq_jessica, uniq_terence, uniq_natasha
D:3:      layout_basic, gammafunk_ghost_arena, uniq_ijyb
D:4:      minmay_chambers_of_twos, layout_rooms, grunt_ministairs_4,
          uniq_edmund, uniq_crazy_yiuf_cottage

Skill      XL: |  1  2  3  4  5  6  7 |
---------------+----------------------+-----
Stealth        | 2 3 4 |  4.1
Dodging        | 3 4 |  4.5
Spellcasting   | 3 4 |  4.8

Action                   |  1- 3 |  4- 6 |  7- 9 || total
-------------------------+-------+-------+-------++-------
Melee: Unarmed           |     9 |       |       ||     9
       Short sword       |    20 |    13 |     5 ||    38
       Punch             |     1 |       |       ||     1
 Cast: Foxfire           |    16 |       |       ||    16
       Scorch            |    14 |    35 |    44 ||    93
       Ensorcelled Hiber |       |     2 |       ||     2
       Conjure Flame     |       |       |     5 ||     5
       Poisonous Vapours |       |       |     3 ||     3
  Use: Scroll            |     3 |       |     4 ||     7
 Stab: Sleeping          |     2 |       |       ||     2
Armor: Robe              |     4 |     1 |     2 ||     7
Dodge: Dodged            |    16 |    17 |    18 ||    51
       Repelled          |       |       |     1 ||     1
